cohdb
Replays
Latest Replays
All Replays
Popular Replays
Top Player Replays
Match Explorer
How It Works
Community
CoH3 Stats
Reddit
Sign in to upload your games and track your stats! →
Sign in with Steam
Match 45614201
Unlisted
Match 45614201
Overview
Messages
Build Orders
End
Construct Barracks
Riflemen Squad
Riflemen Squad
M1 Mortar Team
Construct Weapon Support Center
M1919 Machine Gun Team
Bazooka Squad
Mechanized Support Center
M3 Armored Personnel Carrier
Selects Heavy Weapons
Selects Heavy Weapons
Selects Assault Carriers
M1918 Browning Automatic Rifles
M3 Assault Carrier
Bazooka Squad
Noxcho
Squirtle
shadow 2 [FOXES]
mooncat_black
Ra11
MatioS
Cohlonoscoper
Dirkradix
0
0
Comments
sign in to comment!
No comments posted yet!